 Dungeon Crawl Stone Soup version 0.15.2 (webtiles) character file.

80 hcnick the Firebug (level 4, -1/27 HPs)
             Began as an Octopode Fire Elementalist on Nov 5, 2014.
             Hit by a tomahawk thrown by an orc (6 damage)
             ... on Level 3 of the Dungeon.
             The game lasted 00:04:14 (2407 turns).

hcnick the Firebug (Octopode Fire Elementalist)     Turns: 2407, Time: 00:04:14

HP  -1/27        AC  1     Str  7      XL: 4   Next: 39%
MP   1/8         EV 12     Int 18      God:
Gold 99          SH  0     Dex 12      Spells:  1 memorised,  7 levels left

rFire  . . .     SeeInvis .     l - +3 dagger
rCold  . . .     Clarity  .     (no shield)
rNeg   . . .     rCorr    .     (helmet restricted)
rPois  .         rRot     .     (no amulet)
rElec  .         Spirit   .     (no ring)
SustAb .         Warding  .     (no ring)
rMut   .         Stasis   .     (no ring)
Gourm  .                        (no ring)
MR     .....                    (no ring)
                                (no ring)
                                (no ring)
                                (no ring)

@: not resistant to hostile enchantments, fairly stealthy
A: almost no armour, amphibious, 8 rings, constrict 8, camouflage 1, gelatinous
body 1
a: no special abilities


You were on level 3 of the Dungeon.
You were hungry.

You visited 1 branch of the dungeon, and saw 3 of its levels.

You collected 99 gold pieces.

Inventory:

Hand weapons
 h - a cursed -2 hunting sling
 l - a +3 dagger (weapon)
Comestibles
 c - 2 bread rations
 g - 8 fruits
 j - a beef jerky
 n - a royal jelly
 w - 2 meat rations
Scrolls
 a - 3 scrolls of identify {unknown}
 i - a scroll of random uselessness {unknown}
 k - a scroll of fog {unknown}
 m - 2 scrolls of amnesia {unknown}
 p - 2 scrolls of enchant armour {unknown}
 r - a scroll of immolation {unknown}
 s - a scroll of enchant weapon {unknown}
 t - a scroll of noise {unknown}
Potions
 d - 2 potions of curing {unknown}
 e - a potion of heal wounds {unknown}
 f - 3 potions of brilliance {unknown}
 o - a potion of invisibility {unknown}
 q - 2 potions of mutation {unknown}
 u - 2 potions of cancellation {unknown}
Books
 b - a book of Flames

   Spells                             Type                      Level
   *Flame Tongue                      Conjuration/Fire             1
   Throw Flame                        Conjuration/Fire             2
   Conjure Flame                      Conjuration/Fire             3
   Inner Flame                        Hexes/Fire                   3
   Sticky Flame                       Conjuration/Fire             4
   Fireball                           Conjuration/Fire             5


   Skills:
 + Level 2.6 Dodging
 - Level 2.6 Stealth
 + Level 2.6 Spellcasting
 + Level 1.9 Conjurations
 + Level 3.9 Fire Magic


You had 7 spell levels left.
You knew the following spells:

 Your Spells              Type           Power        Failure   Level  Hunger
a - Flame Tongue          Conj/Fire      ##...        6%          1    #......


Dungeon Overview and Level Annotations

Branches:
Dungeon (3/15)

Altars:


Innate Abilities, Weirdness & Mutations

You cannot wear most types of armour.
You are amphibious.
You can wear up to eight rings at the same time.
You can use your tentacles to constrict many enemies at once.
Your skin changes colour to match your surroundings (Stealth).
Your rubbery body absorbs attacks (AC +1).


Message History

The worm is severely wounded.
You hit the worm. You grab the worm.
The worm is almost dead.
You constrict the worm, but do no damage.
The worm bites you. The orc hits you with a dagger.
* * * LOW HITPOINT WARNING * * *
You release your grip on the worm.
The orc throws a tomahawk.
The tomahawk hits you.
* * * LOW HITPOINT WARNING * * *
You see here a tomahawk.
Casting: Flame Tongue
Confirm with . or Enter, or press ? or * to list all spells.
Aiming: Flame Tongue
Press: ? - help, Shift-Dir - straight line, p - worm The orc throws a tomahawk.
The tomahawk closely misses you.
You see here a tomahawk.
The orc throws a tomahawk.
The tomahawk barely misses you.
You see here a tomahawk.
The orc throws a tomahawk.
The tomahawk hits you.
You die...

##### # ...#
####.####.###### # #
#>.(........o...##.##.##
#.......@(w(............
#.###.#########(##..###.#
#..........# #.#w######.#
#.#o# #..)..# ###.#.#
#.#... #.. ...


You could see a worm and an orc.

Vanquished Creatures
  3 adders (D:2)
  2 worms (D:2)
  A giant gecko (D:2)
  An ooze (D:1)
  3 orcs (D:3)
  3 ball pythons
  3 bats
  2 giant cockroaches (D:1)
  3 hobgoblins
  3 giant newts
  7 goblins
  5 kobolds
  A rat (D:1)
37 creatures vanquished.

Notes
Turn   | Place    | Note
--------------------------------------------------------------
     0 | D:1      | hcnick, the Octopode Fire Elementalist, began the quest for the Orb.
     0 | D:1      | Reached XP level 1. HP: 11/11 MP: 3/3
   226 | D:1      | Reached XP level 2. HP: 13/17 MP: 4/4
  1333 | D:2      | Reached XP level 3. HP: 13/21 MP: 0/6
  2107 | D:2      | Reached XP level 4. HP: 18/27 MP: 8/8
  2407 | D:3      | Hit by a tomahawk thrown by an orc

Action                   |  1- 3 |  4- 6 || total
-------------------------+-------+-------++-------
Melee: Unarmed           |    15 |       ||    15
       Dagger            |    37 |     7 ||    44
 Cast: Flame Tongue      |    22 |    12 ||    34
 Stab: Sleeping          |     7 |     2 ||     9
  Eat: Chunk             |     4 |       ||     4
